 Dungeon Crawl Stone Soup version 0.29-a0-90-gc37658a0fe (webtiles) character file.

Game seed: 4004117421715309781

6438 kae the Grappler (level 10, 0/100 HPs)
             Began as a Grey Draconian Transmuter on Feb 6, 2022.
             Was a Believer of Ru.
             Slain by a hornet (11 damage)
             ... on level 9 of the Dungeon.
             The game lasted 00:06:03 (10171 turns).

kae the Grappler (Grey Draconian Transmuter)       Turns: 10171, Time: 00:06:04

Health: 0/100      AC:  3    Str: 15    XL:     10   Next: 67%
Magic:  15/18      EV: 16    Int: 15    God:    Ru [**....]
Gold:   1265       SH:  0    Dex: 18    Spells: 6/20 levels left

rFire   x . .      SeeInvis .     - Unarmed
rCold   + + +      Faith    .   (shield currently unavailable)
rNeg    . . .      Spirit   .   (armour unavailable)
rPois   +          Reflect  .   (helmet currently unavailable)
rElec   .          Harm     .   (cloak currently unavailable)
rCorr   .          Rampage  .   (gloves currently unavailable)
Will    .....                   (boots currently unavailable)
Stlth   ++........              i - amulet of regeneration
HPRegen 1.06/turn               a - +4 ring of evasion
MPRegen 0.16/turn               n - +6 ring of dexterity

@: ice-form, corroded
A: freezing attack, boosted hp, AC +12, amphibious, large, unfitting armour,
(cold-blooded), hated by all
a: End Transformation, Renounce Religion


You were on level 9 of the Dungeon.
You worshipped Ru.
Ru was pleased with you.
You were a creature of crystalline ice.
You visited 2 branches of the dungeon, and saw 10 of its levels.

You collected 1330 gold pieces.
You spent 65 gold pieces at shops.

Inventory:

Armour
 l - a +0 cloak (melded)
Jewellery
 a - a +4 ring of evasion (left front paw)
 h - a ring of poison resistance
 i - an amulet of regeneration (around neck)
 k - an amulet of faith
 n - a +6 ring of dexterity (right front paw)
 q - a ring of see invisible
 s - an amulet of magic regeneration
 t - a ring of protection from fire
 A - a ring of protection from cold
 B - a +6 ring of dexterity
Wands
 m - a wand of iceblast (19)
 u - a wand of flame (19)
 w - a wand of digging (3)
 y - a wand of polymorph (5)
 C - a wand of paralysis (6)
Scrolls
 o - a scroll of teleportation
 p - 4 scrolls of amnesia
 r - a scroll of fear
Potions
 b - 3 potions of might
 c - 2 potions of haste
 d - a potion of lignification
 e - 4 potions of curing
 f - a potion of degeneration
 g - a potion of resistance
 j - a potion of berserk rage
 v - a potion of invisibility
 x - 3 potions of mutation {unknown}
 z - a potion of magic {unknown}


   Skills:
 + Level 6.3 Fighting
 + Level 5.5 Dodging
 * Level 8.7 Unarmed Combat
 + Level 5.6 Spellcasting
 * Level 8.4 Transmutations
 - Level 5.0 Ice Magic
 * Level 1.5 Air Magic
 - Level 1.0 Poison Magic


You had 6 spell levels left.
You knew the following spells:

 Your Spells              Type           Power      Damage    Failure   Level
a - Storm Form            Tmut/Air       9%         N/A       100%        7
b - Spider Form           Tmut/Pois      18%        N/A       7%          3
c - Ice Form              Ice/Tmut       24%        N/A       10%         4

Your spell library contained the following spells:

 Spells                   Type           Power      Damage    Failure   Level
 Beastly Appendage        Tmut           58%        N/A       1%          1
 Wereblood                Tmut           29%        N/A       1%          2
 Passwall                 Tmut/Erth      13%        N/A       4%          2
 Apportation              Tloc           8%         N/A       16%         1
 Magic Dart               Conj           16%        1d3       16%         1
 Sandblast                Erth           8%         2d5       16%         1
 Blink                    Tloc           8%         N/A       24%         2
 Searing Ray              Conj           8%         2d4       24%         2
 Stone Arrow              Conj/Erth      8%         3d7       43%         3
 Alistair's Intoxication  Tmut/Pois      12%        N/A       52%         5
 Fulminant Prism          Conj/Hex       2%         3d6       83%         4
 Manifold Assault         Tloc           4%         N/A       99%         5
 Summon Small Mammal      Summ           Unusable   N/A       N/A         1
 Call Canine Familiar     Summ           Unusable   N/A       N/A         3
 Summon Guardian Golem    Hex/Summ       Unusable   N/A       N/A         3

Dungeon Overview and Level Annotations

Branches:
Dungeon (9/15)             Temple (1/1) D:6
   Lair: D:8-11         Orc: D:9-12

Altars:
Ashenzari
Cheibriados
Dithmenos
Elyvilon
Fedhas
Gozag
Hepliaklqana
Kikubaaqudgha
Makhleb
Nemelex Xobeh
Okawaru
Qazlal
Ru
Sif Muna
Trog
Uskayaw
Vehumet
Wu Jian
Xom
Yredelemnul
Zin
The Shining One
Beogh

Shops:
D:2 [(   D:3 !

Annotations:
D:3 1 runed translucent door, gruber's ghost, amateur DsIE
D:5 3 runed translucent doors, kae's ghost, amateur DrTm
D:9 4 runed translucent doors


Innate Abilities, Weirdness & Mutations

You are a creature of crystalline ice.
You have a powerful freezing melee attack.
Your maximum health is increased.
Your armour is entirely melded.
You are incapable of wielding weapons or throwing items.
((Your dull iron-grey scales are very hard. (AC +12)))
You are amphibious.
You cannot fit into any form of body armour.
((You are cold-blooded and may be slowed by cold attacks.))
You are hated by all.


Message History

A hornet comes into view.
The hornet buzzes angrily.
You hit the acid dragon. You freeze the acid dragon.
The acid dragon is moderately wounded.
You hear a roar!
You hear a shout!
The acid dragon closely misses you. The acid dragon barely misses you.
An acid dragon comes into view.
You hit the acid dragon but do no damage.
The acid dragon is moderately wounded.
The acid dragon spits acid at you. The splash of acid hits you.
The acid corrodes you!
The acid dragon begins to attack, but is stunned by your conviction!
You pummel the acid dragon!! You freeze the acid dragon.
The acid dragon is almost dead.
The hornet closely misses you. The acid dragon spits acid at you.
The splash of acid hits you!!
An orc warrior comes into view. It is wielding a +0 short sword.
You pummel the acid dragon!! You freeze the acid dragon.
You kill the acid dragon!
The hornet stings you! x2
You are too injured to fight recklessly!
You are too injured to fight recklessly!
You are too injured to fight recklessly!
You are too injured to fight recklessly!
You hit the hornet but do no damage. The hornet barely misses you.
You hit the hornet but do no damage. The hornet stings you.
You hit the hornet. You freeze the hornet.
The hornet is lightly wounded.
The hornet stings you!
You feel yourself slow down. The hornet stings you!
* * * LOW HITPOINT WARNING * * *
You punch the hornet! You freeze the hornet.
The hornet is heavily wounded.
You feel yourself speed up. The hornet completely misses you.
The hornet stings you!
* * * LOW HITPOINT WARNING * * *
You hit the hornet but do no damage.
The hornet is heavily wounded.
The hornet stings you!
You die...

.. #####....# ##...#
#...# #...### ##
#.....##
##.#o#......##
#D.D##.......##
#y###.........##
#.Y......).....##
##..............#
#.#...........## .+(..
.+.#..........##
.+......+...........##
#8....8#..........## .
#8y!8##........###
..######.........##
.......)..........#


You could see a hornet and an acid dragon.

Vanquished Creatures
  2 two-headed ogres
  Pikel (D:5)
  A kobold demonologist (D:8)
  A troll (D:9)
  Prince Ribbit (D:7)
  Sigmund (D:5)
  A wraith (D:9)
  A yak (D:9)
  Menkaure (D:5)
  A steam dragon (D:7)
  An acid dragon (D:9)
  2 water moccasins
  4 ice beasts
  A necrophage (D:7)
  3 centaurs
  4 ogres
  A lemure (D:5)
  2 phantoms
  A kobold brigand (D:8)
  4 scorpions
  13 killer bees
  5 wights (D:6)
  A howler monkey (D:5)
  3 centaur zombies
  4 hounds
  2 jellies
  Crazy Yiuf (D:4)
  7 orc priests
  A centaur skeleton (D:7)
  5 iguanas
  A howler monkey zombie (D:8)
  8 adders
  An ufetubus (D:6)
  An adder skeleton (D:4)
  4 worms
  3 dart slugs
  33 orcs
  A bat (D:2)
  2 endoplasms
  3 giant cockroaches
  11 goblins
  7 hobgoblins
  7 kobolds
  5 quokkas
  6 ball pythons
  3 frilled lizards
  6 rats
178 creatures vanquished.

Vanquished Creatures (others)
  4 fungi (D:4)
  4 toadstools (D:5)
8 creatures vanquished.

Grand Total: 186 creatures vanquished

Notes
Turn   | Place    | Note
-------+----------+-------------------------------------------
     0 | D:1      | kae the Draconian Transmuter began the quest for the Orb.
     0 | D:1      | Reached XP level 1. HP: 16/16 MP: 3/3
   213 | D:1      | Reached XP level 2. HP: 23/23 MP: 5/5
   300 | D:1      | Found a faded altar of an unknown god.
   905 | D:2      | Found Nitauli's Antique Armour Shop.
  1073 | D:2      | Reached XP level 3. HP: 28/28 MP: 4/6
  1695 | D:2      | Found Uwiuzizu's Antique Weapon Emporium.
  1768 | D:2      | Reached XP level 4. HP: 31/36 MP: 7/7
  1815 | D:2      | Learned a level 4 spell: Ice Form
  2323 | D:3      | Identified the +1 leather armour of Visuduul {Str+5}
  2385 | D:3      | Found Xuitiatz's Distillery.
  2391 | D:3      | Bought a potion of berserk rage for 65 gold pieces
  2391 | D:3      | Identified a scroll of acquirement
  2391 | D:3      | Acquired 746 gold pieces
  2532 | D:3      | Reached skill level 1 in Ice Magic
  2617 | D:3      | Noticed gruber's ghost (amateur DsIE)
  2639 | D:3      | Found a runed translucent door.
  3093 | D:4      | Reached XP level 5. HP: 36/41 MP: 8/8
  3097 | D:4      | Learned a level 3 spell: Spider Form
  3419 | D:4      | Reached XP level 6. HP: 33/50 MP: 9/9
  3979 | D:4      | Found a runed translucent door.
  3980 | D:4      | Noticed Crazy Yiuf
  4028 | D:4      | Killed Crazy Yiuf
  4118 | D:5      | Entered Level 5 of the Dungeon
  4177 | D:5      | Noticed Sigmund
  4350 | D:4      | Reached skill level 1 in Poison Magic
  4479 | D:4      | Your scales start taking on a dull iron-grey colour.
  4479 | D:4      | Reached XP level 7. HP: 57/57 MP: 7/11
  4619 | D:5      | Killed Sigmund
  4620 | D:5      | Reached skill level 5 in Unarmed Combat
  4814 | D:5      | Found an opulent altar of Gozag.
  4814 | D:5      | Noticed Menkaure
  5178 | D:5      | Killed Menkaure
  5179 | D:5      | Reached XP level 8. HP: 56/64 MP: 5/13
  5291 | D:5      | Noticed Pikel
  5309 | D:5      | Killed Pikel
  5310 | D:5      | Reached skill level 5 in Transmutations
  5372 | D:5      | Noticed kae's ghost (amateur DrTm)
  5711 | D:5      | Found a runed translucent gate.
  5712 | D:5      | Found a runed translucent gate.
  5713 | D:5      | Found a runed translucent gate.
  6261 | D:5      | Reached XP level 9. HP: 68/72 MP: 11/15
  6531 | D:6      | Reached skill level 5 in Ice Magic
  7009 | D:6      | Found a staircase to the Ecumenical Temple.
  7105 | Temple   | Entered the Ecumenical Temple
  7463 | Temple   | Became a worshipper of Ru the Awakened
  7810 | D:7      | Noticed Prince Ribbit
  7818 | D:7      | Killed Prince Ribbit
  8101 | D:7      | Reached skill level 5 in Fighting
  8175 | D:7      | Noticed a two-headed ogre
  8181 | D:7      | Killed a two-headed ogre
  8686 | D:7      | Reached skill level 5 in Spellcasting
  8800 | D:8      | Reached XP level 10. HP: 80/80 MP: 13/17
  9025 | D:8      | Reached skill level 5 in Dodging
  9177 | D:8      | Gained mutation: You are hated by all. [Ru sacrifice]
  9177 | D:8      | Reached * piety under Ru
  9177 | D:8      | Reached ** piety under Ru
  9546 | D:8      | Noticed a two-headed ogre
  9555 | D:8      | Killed a two-headed ogre
  9764 | D:8      | Learned a level 7 spell: Storm Form
  9997 | D:8      | Reached skill level 1 in Air Magic
 10096 | D:9      | Found a large runed translucent door.
 10097 | D:9      | Found a large runed translucent door.
 10097 | D:9      | Noticed a tengu warrior
 10106 | D:9      | Found a large runed translucent door.
 10107 | D:9      | Found a large runed translucent door.
 10171 | D:9      | Slain by a hornet

Illustrated notes

Levels and vault maps discovered:
D:1:      psy_arrival_conway, layout_basic, ebering_ecumenical_altar_petrified
D:2:      layout_rooms, serial_shops, shop, nicolae_lakefront_shop,
          minmay_misc_feat_plants, minmay_misc_feat_room
D:3:      layout_loops_ring, serial_shops, nicolae_shop_crystal,
          hellmonk_ghost_happy_afterlife, kennysheep_path_1, dk_vineyard_1,
          hangedman_decor_slide_cut, corner_web_ring
D:4:      wad_pebble_path, layout_loops_ring, chequers_serial_rivers_room_b,
          uniq_crazy_yiuf_cottage
D:5:      layout_loops_ring, nicolae_gozag_seed_capital, gammafunk_ghost_split,
          minmay_gold_behind_fungi, uniq_menkaure, uniq_pikel, uniq_sigmund
D:6:      layout_loops_ring, minmay_temple_entry_fiery
D:7:      layout_layer_cave, kennysheep_decorative_pillar, uniq_prince_ribbit1
D:8:      layout_gridville, special_room [special_room_orc]
D:9:      layout_cave_pods, gammafunk_ghost_nasty_kobolds,
          minmay_hollow_rounded_squares
Temple:   mainiacjoe_temple_circle_huts

Skill      XL: |  1  2  3  4  5  6  7  8  9 10 |
---------------+-------------------------------+-----
Dodging        | 2 3 4 5 |  5.5
Fighting       | 2 3 4 5 6 |  6.3
Transmutations | 3 4 5 7 8 |  8.4
Ice Magic      | 1 2 3 4 5 |  5.0
Unarmed Combat | 4 5 6 7 8 |  8.7
Poison Magic   | 1 |  1.0
Spellcasting   | 3 4 5 |  5.6
Air Magic      | 1 |  1.5

Action                   |  1- 3 |  4- 6 |  7- 9 | 10-12 || total
-------------------------+-------+-------+-------+-------++-------
Melee: Unarmed           |   115 |   137 |   206 |   170 ||   628
       Kick              |    13 |    21 |       |       ||    34
       Tailslap          |    11 |    16 |    16 |     2 ||    45
       Headbutt          |    10 |    12 |       |       ||    22
       Punch             |     3 |     4 |     3 |     2 ||    12
 Cast: Beastly Appendage |    18 |    24 |       |       ||    42
       Ice Form          |       |     4 |    19 |    15 ||    38
       Spider Form       |       |     1 |     6 |       ||     7
Invok: Sacrifice Love    |       |       |       |     1 ||     1
  Use: Scroll            |     3 |     3 |    10 |     4 ||    20
 Stab: Sleeping          |     3 |     1 |     2 |       ||     6
Armor: Skin              |    18 |    16 |    44 |    47 ||   125
Dodge: Dodged            |    72 |    83 |   158 |   216 ||   529

Table legend: (Time is in decaauts)
 A = Elapsed time spent in this place.
 B = Non-inter-level travel time spent in this place.
 C = Inter-level travel time spent in this place.
 D = Time resting spent in this place.
 E = Time spent auto-exploring this place.
 F = Levels seen in this place.
 G = Mean time per level.
                   A        B        C        D        E       F      G
               +--------+--------+--------+--------+--------+-----+--------+
         Total |  10115 |   9793 |    322 |    767 |   7508 |  10 | 1011.5 |
       Dungeon |   9745 |   9465 |    280 |    767 |   7202 |   9 | 1082.8 |
        Temple |    370 |    329 |     41 |      0 |    306 |   1 |  370.0 |
               +--------+--------+--------+--------+--------+-----+--------+

Top non-repeatable levels by time:
     D:4: 1770 daAuts
     D:6: 1327 daAuts
     D:5: 1246 daAuts
     D:2: 1190 daAuts
     D:3: 1089 daAuts
     D:8: 1070 daAuts
     D:7: 1004 daAuts
     D:1: 761 daAuts
  Temple: 370 daAuts
     D:9: 283 daAuts
